 Dungeon Crawl Stone Soup version 0.28.0-49-g6dfe1f597d (webtiles) character file.

Game seed: 3433329548981792715

212 Zeld the Magician (level 5, 0/28 HPs)
             Began as a Deep Elf Fire Elementalist on May 19, 2022.
             Slain by an ogre
             ... wielding a +0 giant club
              (28 damage)
             ... on level 4 of the Dungeon.
             The game lasted 00:02:54 (4086 turns).

Zeld the Magician (Deep Elf Fire Elementalist)      Turns: 4086, Time: 00:02:55

Health: 0/28       AC:  4    Str:  5    XL:     5   Next: 58%
Magic:  14/14      EV: 13    Int: 22    God:
Gold:   11         SH:  0    Dex: 15    Spells: 7/14 levels left

rFire   . . .      SeeInvis .   (no weapon)
rCold   . . .      Faith    .   (no shield)
rNeg    . . .      Spirit   .   a - +0 robe
rPois   .          Reflect  .   (no helmet)
rElec   .          Harm     .   k - scarf {repulsion}
rCorr   .          Rampage  .   e - +0 pair of gloves
Will    .....                   l - +0 pair of boots
Stlth   ++........              (no amulet)
HPRegen 0.09/turn               (no ring)
MPRegen 0.14/turn               (no ring)

@: repel missiles
A: no striking features
a: no special abilities


You were on level 4 of the Dungeon.
You visited 1 branch of the dungeon, and saw 4 of its levels.

You collected 105 gold pieces.
You spent 94 gold pieces at shops.

Inventory:

Armour
 a - a +0 robe (worn)
 e - a +0 pair of gloves (worn)
 k - a scarf of repulsion (worn)
 l - a +0 pair of boots (worn)
Jewellery
 b - a ring of protection from cold
Scrolls
 d - a scroll of noise {unknown}
Potions
 c - 2 potions of curing {unknown}
 f - 2 potions of heal wounds {unknown}
 g - a potion of ambrosia {unknown}
 h - 2 potions of flight {unknown}
 i - 2 potions of cancellation {unknown}
 j - 2 potions of mutation {unknown}


   Skills:
 + Level 3.6 Dodging
 - Level 2.4 Stealth
 * Level 5.2 Spellcasting
 + Level 2.5 Conjurations
 * Level 4.7 Fire Magic


You had 7 spell levels left.
You knew the following spells:

 Your Spells              Type           Power      Damage    Failure   Level
a - Foxfire               Conj/Fire      84%        2x1d8     2%          1
b - Scorch                Fire           52%        2d7       1%          2
c - Flame Wave            Conj/Fire      21%        2d7       22%         4

Your spell library contained the following spells:

 Spells                   Type           Power      Damage    Failure   Level
 Shock                    Conj/Air       44%        1d5       6%          1
 Conjure Flame            Conj/Fire      21%        6-21      7%          3
 Inner Flame              Hex/Fire       16%        N/A       11%         3
 Swiftness                Air            5%         N/A       30%         3
 Airstrike                Air            2%         N/A       69%         4


Dungeon Overview and Level Annotations

Branches:
Dungeon (4/15)
 Temple: D:4-7

Altars:
Makhleb

Shops:
D:4 [


Message History

You kill the kobold!
An endoplasm comes into view.
An endoplasm is nearby!
You see here a yellow potion.
Casting: Scorch (safe; 2% risk of failure)
Confirm with . or Enter, or press ? or * to list all spells.
Flames lash the endoplasm.
You kill the endoplasm!
Casting: Scorch (safe; 1% risk of failure)
Confirm with . or Enter, or press ? or * to list all spells.
You can't see any susceptible monsters within range! (Use Z to cast anyway.)
You open the door.
Found Veomol's Antique Armour Shoppe.
Magic restored.
There is an open door here.
There is an entrance to Veomol's Antique Armour Shoppe here.
l - a +0 pair of boots Thank you for shopping at Veomol's Antique Armour Shoppe!
You start putting on your armour.
You continue putting on your +0 pair of boots. x4
You finish putting on your +0 pair of boots.
Search for what [Enter for "boots", or ? for help]? helm Can't find anything matching that.
There is an open door here.
j - 2 yellow potions (gained 1)
Things that are here:
a +0 dagger; a kobold corpse
Found 2 poisoned darts.
No target in view!
Key pressed, stopping explore.
No target in view!
No target in view!
You see here 2 poisoned darts.
An ogre comes into view. It is wielding a +0 giant club.
Found a stone staircase leading up.
An ogre is nearby!
An ogre is nearby!
The ogre hits you with a +0 giant club!!
Ouch! That really hurt!
You die...

#####
..######...#
..<...O@.#.#
..######...#
###.## #...#
#.### #.#
#.#
#.########
#........#


You could see an ogre.

Vanquished Creatures
  A gnoll sergeant (D:2)
  2 orc wizards (D:3)
  4 gnolls
  2 worms
  A dart slug (D:3)
  2 orcs (D:3)
  9 endoplasms
  5 goblins
  2 hobgoblins
  A quokka (D:2)
  9 ball pythons
  5 bats
  4 frilled lizards
  5 kobolds
  4 rats
56 creatures vanquished.

Vanquished Creatures (others)
  74 foxfires (D:1)
  6 fungi (D:4)
  3 plants (D:4)
83 creatures vanquished.

Grand Total: 139 creatures vanquished

Notes
Turn   | Place    | Note
-------+----------+-------------------------------------------
     0 | D:1      | Zeld the Deep Elf Fire Elementalist began the quest for the
                  | Orb.
     0 | D:1      | Reached XP level 1. HP: 10/10 MP: 6/6
   380 | D:1      | Reached XP level 2. HP: 15/15 MP: 2/8
   383 | D:1      | Learned a level 2 spell: Scorch
  1529 | D:1      | Reached XP level 3. HP: 2/19 MP: 2/10
  1804 | D:2      | Reached skill level 4 in Spellcasting
  1896 | D:2      | Found a faded altar of an unknown god.
  2115 | D:2      | Reached XP level 4. HP: 22/24 MP: 9/12
  2308 | D:2      | Learned a level 4 spell: Flame Wave
  2775 | D:3      | Noticed a gnoll sergeant
  3037 | D:2      | Killed a gnoll sergeant
  3038 | D:2      | Reached XP level 5. HP: 13/28 MP: 7/14
  3331 | D:3      | Reached skill level 5 in Spellcasting
  3848 | D:3      | Found a burning altar of Makhleb.
  4024 | D:4      | Found Veomol's Antique Armour Shoppe.
  4047 | D:4      | Bought a pair of boots for 94 gold pieces
  4084 | D:4      | Noticed an ogre
  4086 | D:4      | Slain by an ogre

Illustrated notes

Levels and vault maps discovered:
D:1:      evilmike_arrival_crescent, layout_loops_cross, hex_large
D:2:      layout_basic, hellmonk_ecumenical_altar_arch_garden
D:3:      layout_loops_ring, lightli_temple_of_fire, minmay_diced_spiral
D:4:      old_forge, layout_loops_cross, serial_shops, kennysheep_mini,
          hangedman_abyss_or_decor_slice, kennysheep_generic_room_11

Skill      XL: |  1  2  3  4  5 |
---------------+----------------+-----
Spellcasting   | 4 5 |  5.2
Fire Magic     | 4 |  4.7
Dodging        | 3 |  3.6
Conjurations   | 2 |  2.5
Stealth        | |  2.4

Action                   |  1- 3 |  4- 6 || total
-------------------------+-------+-------++-------
Melee: Unarmed           |    10 |     2 ||    12
 Cast: Foxfire           |    49 |       ||    49
       Scorch            |    26 |    38 ||    64
 Stab: Sleeping          |       |     1 ||     1
Armor: Robe              |     4 |     2 ||     6
Dodge: Dodged            |    30 |    11 ||    41
